cohdb
Replays
Latest Replays
All Replays
Popular Replays
Top Player Replays
Match Explorer
How It Works
Community
CoH3 Stats
Reddit
Sign in to upload your games and track your stats! →
Sign in with Steam
Match 42880104
Unlisted
Match 42880104
Overview
Messages
Build Orders
End
Scout Squad
Construct Weapon Support Center
M1919 Machine Gun Team
M1919 Machine Gun Team
Bazooka Squad
Infantry Support Center
Construct Barracks
Riflemen Squad
M1 Mortar Team
Grenade Package
Selects Heavy Weapons
Selects Assault Carriers
Selects Exchangeable Parts
Riflemen Squad
Construct Medical Station
M1918 Browning Automatic Rifles
M3 Assault Carrier
M3 Assault Carrier
Advanced Logistics
Engineer Squad
Insomniac
Surveillance-Buoy 2
tonni peperonni
Sarmynation
0
0
Comments
sign in to comment!
No comments posted yet!